 Dungeon Crawl Stone Soup version 0.25-a0-589-g1e14c549ee (webtiles) character file.

Game seed: 12625213081215981153, levelgen mode: deterministic

94 Kohma the Changer (level 4, -1/28 HPs)
             Began as an Octopode Transmuter on Mar 10, 2020.
             Slain by Natasha (7 damage)
             ... on level 2 of the Dungeon.
             The game lasted 00:04:36 (1607 turns).

Kohma the Changer (Octopode Transmuter)             Turns: 1607, Time: 00:04:37

Health: -1/28      AC:  2    Str:  9    XL:     4   Next: 63%
Magic:  2/8        EV: 19    Int: 16    God:
Gold:   132        SH:  0    Dex: 17    Spells: 2/8 levels left

rFire    . . .     SeeInvis .     - Unarmed
rCold    . . .     Gourm    .   (shield currently unavailable)
rNeg     . . .     Faith    .   (helmet currently unavailable)
rPois    x         Spirit   .   (no amulet)
rElec    .         Reflect  .   (no ring)
rCorr    .         Harm     .   (no ring)
MR       .....                  (no ring)
Stlth    ++........             (no ring)
HPRegen  0.09/turn              (no ring)
MPRegen  0.11/turn              (no ring)
                                (no ring)
                                (no ring)

@: spider-form, very slightly contaminated
A: tiny, almost no armour, stealthy swim, (amphibious), 8 rings, (constrict 8)
a: End Transformation


You were on level 2 of the Dungeon.
You were hungry.
You were a venomous arachnid creature.
You visited 1 branch of the dungeon, and saw 2 of its levels.

You collected 132 gold pieces.

Inventory:

Hand Weapons
 h - a +3 dagger of pain
Missiles
 a - 51 arrows
 b - 73 stones
 i - 9 poisoned darts (quivered)
Armour
 j - a +0 kite shield
Jewellery
 o - a cursed ring of teleportation {unknown}
Scrolls
 f - 3 scrolls of identify {unknown}
 k - a scroll of remove curse {unknown}
 m - a scroll of immolation {unknown}
Potions
 d - 2 potions of heal wounds {unknown}
 e - a potion of flight {unknown}
 l - a potion of mutation {unknown}
 n - a potion of brilliance {unknown}
Comestibles
 c - 3 rations
 g - 2 chunks of flesh


   Skills:
 - Level 1.0 Fighting
 - Level 2.0 Dodging
 - Level 3.0 Unarmed Combat
 + Level 2.7 Spellcasting
 * Level 3.7 Transmutations
 * Level 2.0 Poison Magic


You had 2 spell levels left.
You knew the following spells:

 Your Spells              Type           Power        Failure   Level  Hunger
a - Beastly Appendage     Tmut           ##....       13%         1    #......
b - Sticks to Snakes      Tmut           ##......     17%         2    ##.....
c - Spider Form           Tmut/Pois      ##........   38%         3    ###....

Your spell library contained the following spells:

 Spells                   Type           Power        Failure   Level  Hunger
 Ice Form                 Ice/Tmut       #.......     83%         4    #####..
 Blade Hands              Tmut           ##........   89%         5    ######.


Dungeon Overview and Level Annotations

Branches:
Dungeon (2/15)

Altars:
Yredelemnul

Annotations:
D:2 Natasha


Innate Abilities, Weirdness & Mutations

You cannot wear most types of armour.
You are very stealthy in the water. (Stealth+)
((You are amphibious.))
You can wear up to eight rings at the same time.
((You can use your tentacles to constrict eight enemies at once.))
((Your skin changes colour to match your surroundings (Stealth+).))
((Your rubbery body absorbs attacks. (AC +1, EV +1)))


Message History

Natasha casts a spell.
Casting: Spider Form (safe; 19% risk of failure)
Confirm with . or Enter, or press ? or * to list all spells.
You miscast Spider Form.
You are very lightly contaminated with residual magic.
Your skin tingles.
You are feeling hungry.
The bat hits you but does no damage. The shadow imp gestures at you.
Pain shoots through your body!
Ouch! That really hurt!
* * * LOW HITPOINT WARNING * * *
Casting: Spider Form (safe; 19% risk of failure)
Confirm with . or Enter, or press ? or * to list all spells.
You turn into a venomous arachnid creature.
The bat misses you. The bat hits you.
* * * LOW HITPOINT WARNING * * *
The bat hits you but does no damage. Natasha misses you.
You hit Natasha but do no damage. The bat misses you. Natasha claws you!
You die...

#. #....÷.####..#...
####.##...#>..........÷
#..............##..#.##
#.#.......#.##.##..#.##
#.#.......#............
#.........#######.##.##
###.......# #.##.##
####.....##### #.##..<
#....s........ #÷###..
#....h.b......##.###..
#...5.............##..
#......####...)...##..
#.................##..
#......####.......##..
#......# ############
########


You could see Natasha, a shadow imp and a bat.

Vanquished Creatures
  Jessica (D:2)
  An adder (D:2)
  A worm (D:2)
  4 leopard geckos
  4 bats
  A giant cockroach (D:1)
  14 goblins
  4 hobgoblins (D:2)
  2 jackals (D:2)
  6 kobolds
  A frilled lizard (D:1)
  10 rats
49 creatures vanquished.

Notes
Turn   | Place    | Note
-------+----------+-------------------------------------------
     0 | D:1      | Kohma the Octopode Transmuter began the quest for the Orb.
     0 | D:1      | Reached XP level 1. HP: 13/13 MP: 3/3
   239 | D:1      | Reached XP level 2. HP: 17/18 MP: 3/5
   649 | D:1      | Reached XP level 3. HP: 23/23 MP: 6/6
   653 | D:1      | Learned a level 2 spell: Sticks to Snakes
   657 | D:1      | Learned a level 3 spell: Spider Form
  1295 | D:2      | Found a basalt altar of Yredelemnul.
  1301 | D:2      | Reached skill level 1 in Poison Magic
  1348 | D:2      | Noticed Jessica
  1360 | D:2      | Killed Jessica
  1360 | D:2      | Reached XP level 4. HP: 24/28 MP: 3/8
  1597 | D:2      | Noticed Natasha
  1607 | D:2      | Slain by Natasha

Levels and vault maps discovered:
D:1:      dpeg_arrival_pond, layout_basic
D:2:      layout_basic, overflow_temple_1_default, first_ration, minivault_14,
          uniq_natasha, uniq_jessica

Skill      XL: |  1  2  3  4 |
---------------+-------------+-----
Transmutations | 3 |  3.7
Poison Magic   | 1 2 |  2.0
Fighting       | |  1.0
Dodging        | |  2.0
Unarmed Combat | |  3.0
Spellcasting   | |  2.7

Action                   |  1- 3 |  4- 6 || total
-------------------------+-------+-------++-------
Melee: Unarmed           |    88 |    19 ||   107
       Constrict         |    25 |     4 ||    29
       Tentacles         |    14 |     2 ||    16
       Kick              |     6 |       ||     6
       Punch             |     1 |       ||     1
 Cast: Beastly Appendage |     5 |       ||     5
       Spider Form       |     1 |     1 ||     2
 Stab: Sleeping          |     3 |       ||     3
  Eat: Chunk             |     1 |     1 ||     2
Armor: Skin              |     6 |     6 ||    12
Dodge: Dodged            |    53 |    32 ||    85

Table legend:
 A = Non-vault XP
 B = Vault XP
 C = Vault XP percentage of total XP
 D = Non-vault monster count
 E = Vault monster count
 F = Vault count percentage of total count
                 A         B        C        D         E       F
            +---------+---------+-------+---------+---------+-------
      Total |      98 |      37 |  27.4 |      48 |       1 |   2.0
            +---------+---------+-------+---------+---------+-------
        D:1 |      43 |       0 |   0.0 |      25 |       0 |   0.0
        D:2 |      55 |      37 |  40.2 |      23 |       1 |   4.2
            +---------+---------+-------+---------+---------+-------
